 Dungeon Crawl Stone Soup version 0.28-a0-1143-gcf6077d4cc (webtiles) character file.

Game seed: 14666497664456453590

67 spaghetti the Skirmisher (level 4, -5/44 HPs)
             Began as an Ogre Chaos Knight on Dec 14, 2021.
             Was a Plaything of Xom.
             Slain by an orc (6 damage)
             ... on level 4 of the Dungeon.
             The game lasted 00:05:46 (3116 turns).

spaghetti the Skirmisher (Ogre Chaos Knight)        Turns: 3116, Time: 00:05:47

Health: -5/44      AC:  4    Str: 18      XL:     4   Next: 18%
Magic:  0/3        EV:  7    Int: 10 (13) God:    Xom [.*....]
Gold:   47         SH:  7    Dex:  8      Spells: 2/3 levels left

rFire   . . .      SeeInvis .     - Unarmed
rCold   . . .      Faith    .   b - +1 kite shield
rNeg    . . .      Spirit   +   a - +2 robe
rPois   .          Reflect  .   (helmet restricted)
rElec   .          Harm     .   (no cloak)
rCorr   .          Rampage  .   (gloves unavailable)
Will    .....                   (boots unavailable)
Stlth   +.........              g - amulet of guardian spirit
HPRegen 0.00/turn               (no ring)
MPRegen 0.08/turn               (no ring)

@: inhibited regen
A: large, unfitting armour, tough skin 1, deformed body, frail 1, low mp 2,
mutation resistance 1, inhibited regeneration
a: Renounce Religion


You were on level 4 of the Dungeon.
You worshipped Xom.
You were a plaything of Xom.
You visited 1 branch of the dungeon, and saw 4 of its levels.

You collected 47 gold pieces.


Innate Abilities, Weirdness & Mutations

You are too large for most types of armour.
You have tough skin. (AC +1)
Armour fits poorly on your strangely shaped body.
You are frail. (-10% HP)
Your magical capacity is very low. (-20% MP)
You are somewhat resistant to further mutation.
You do not regenerate when monsters are visible.


   Skills:
 + Level 4.8 Fighting
 - Level 2.1 Dodging
 + Level 1.7 Shields
 + Level 3.4 Unarmed Combat


You had 2 spell levels left.
You knew the following spells:

 Your Spells              Type           Power      Damage    Failure   Level
a - Animate Skeleton      Necr           0%         N/A       87%         1

Your spell library contained the following spells:

 Spells                   Type           Power      Damage    Failure   Level
 Apportation              Tloc           0%         N/A       87%         1
 Summon Small Mammal      Summ           0%         N/A       87%         1
 Ignite Poison            Fire/Tmut/Pois 0%         N/A       99%         3
 Mephitic Cloud           Conj/Pois/Air  0%         N/A       99%         3
 Freezing Cloud           Conj/Ice/Air   0%         6-21      100%        5

Inventory:

Hand Weapons
 c - a +0 club {mace}
   (You took it off a goblin on level 1 of the Dungeon)
Missiles
 d - 87 stones (quivered) {throwing}
 f - 23 arrows
 j - 14 bolts
Armour
 a - a +2 robe (worn)
 b - a +1 kite shield (worn)
   (You found it on level 1 of the Dungeon)
Jewellery
 g - an amulet of guardian spirit (around neck)
   (You found it on level 2 of the Dungeon)
 h - a ring of fire
   (You found it on level 2 of the Dungeon)
Scrolls
 e - 2 scrolls of identify {unknown}
 i - a scroll of teleportation {unknown}

Dungeon Overview and Level Annotations

Branches:
Dungeon (4/15)
 Temple: D:4-7

Altars:

Annotations:
D:3 Robin

...
###..
##....
....#
....
..##
#..##
#@..#
##....?#
......#
.##..##
## ##


There were no monsters in sight!


Message History

You hit the orc. The orc completely misses you.
The orc hits you but does no damage. You block the orc's attack.
The orc hits you but does no damage.
You hit the orc.
You kill the orc!
The orc barely misses you. The orc hits you but does no damage.
The orc hits you with a +0 flail. 😕 HP[-2]
You take 2 damage, and now have 38/44 hp.
You hit the orc but do no damage. You block the orc's attack.
The orc hits you but does no damage. The orc hits you with a +0 flail.
You block the orc's attack. 😕 HP[-4]
You take 4 damage, and now have 34/44 hp.
You hit the orc. The orc completely misses you. The orc barely misses you. x2
The orc hits you but does no damage.
You closely miss the orc. The orc hits you but does no damage.
The orc hits you with a +0 hand axe! The orc hits you with a +0 hand axe.
You block the orc's attack. 😮 HP[-10]
You take 10 damage, and now have 24/44 hp.
MASSIVE DAMAGE!! (PAUSE)
Okay, then.
There is an open door here.
You close the door.
An orc opens the door.
There is an open door here.
You close the door.
You start resting. 😮 HP[+1]
You block the orc's attack.
There is an open door here.
You closely miss the orc. The orc hits you with a +0 flail.
* * * LOW HITPOINT WARNING * * *
😨 HP[-4] MP[-1]
You take 4 damage, and now have 21/44 hp.
You lost 1 mp, and now have 2/3 mp.
Unknown command.
You hit the orc. You block the orc's attack.
You barely miss the orc. You punch the orc!
You kill the orc!
Unknown command.
You hit the orc but do no damage. The orc hits you with a +0 flail.
* * * LOW HITPOINT WARNING * * *
😨 HP[-3]
You take 3 damage, and now have 18/44 hp.
You completely miss the orc. The orc hits you but does no damage.
You block the orc's attack.
You closely miss the orc. The orc hits you with a +0 flail!
* * * LOW HITPOINT WARNING * * *
😨 HP[-6] MP[-1]
You take 6 damage, and now have 12/44 hp.
You lost 1 mp, and now have 1/3 mp.
Unknown command.
You hit the orc but do no damage. You block the orc's attack.
Unknown command.
You aren't carrying any potions.
Okay, then.
You aren't carrying any items that you can evoke.
You hit the orc but do no damage. The orc barely misses you.
Unknown command.
You barely miss the orc.
You hear Xom's avuncular chuckle.
The orc flickers and vanishes!
Deactivating autopickup; reactivate with Ctrl-A.
Something hits you.
* * * LOW HITPOINT WARNING * * *
😱 HP[-5]
You take 5 damage, and now have 7/44 hp. 😱 MP[+1]
You block something's attack. 😱 MP[+1]
Your mp is fully restored (3).
There is a stone staircase leading down here.
Something hits you.
* * * LOW HITPOINT WARNING * * *
You climb downwards.
Reactivating autopickup.
There is a stone staircase leading up here. 😱 HP[-4] MP[-2]
You take 4 damage, and now have 3/44 hp.
You lost 2 mp, and now have 1/3 mp.
Unknown command.
Unknown command.
You start resting.
Something hits you.
* * * LOW HITPOINT WARNING * * *
Deactivating autopickup; reactivate with Ctrl-A. 😱 HP[-2]
You take 2 damage, and now have 1/44 hp.
You aren't carrying any items that you can evoke.
You aren't carrying any potions.
Okay, then.
You closely miss something. Something hits you. 😱 MP[-1]
You lost 1 mp, and now have 0/3 mp.
Unknown command.
You closely miss something. You block something's attack.
You closely miss something. Something hits you.
You die...

Skill      XL: |  1  2 |
---------------+-------+-----
Unarmed Combat | 3 |  3.4
Shields        | 1 |  1.7
Fighting       | |  4.8
Dodging        | |  2.1

Action                   |  1- 3 |  4- 6 || total
-------------------------+-------+-------++-------
Melee: Unarmed           |   211 |    35 ||   246
  Use: Potion            |     4 |       ||     4
       Scroll            |     2 |       ||     2
 Stab: Sleeping          |     1 |       ||     1
Armor: Robe              |   106 |    16 ||   122
Dodge: Dodged            |    91 |     9 ||   100
Block: Kite shield       |    88 |    17 ||   105

Levels and vault maps discovered:
D:1:      dpeg_arrival_oval, layout_basic, dreamdust_ecumenical_altar_grove,
          kennysheep_boxes
D:2:      layout_loops_ring, fountainhead
D:3:      layout_basic, ebering_ghost_rock_garden, uniq_robin, uniq_ijyb
D:4:      layout_cave_pools, minmay_temple_entry_statues

Notes
Turn   | Place    | Note
-------+----------+-------------------------------------------
     0 | D:1      | spaghetti the Ogre Chaos Knight began the quest for the
                  | Orb.
     0 | D:1      | Reached XP level 1. HP: 24/24 MP: 1/1
     0 | D:1      | magus.rc [v1.9.6]
    79 | D:1      | XOM: silly message
   127 | D:1      | XOM: silly message
   127 | D:1      | HP: 6/24 [goblin (4)]
   129 | D:1      | HP: 2/24 [goblin (1)]
   470 | D:2      | Reached XP level 2. HP: 22/32 MP: 2/2
   472 | D:2      | Reached skill level 3 in Unarmed Combat
   731 | D:1      | Gained mutation: You are weak. (Str -2) [potion of
                  | mutation]
   731 | D:1      | Gained mutation: You have a pair of small antennae on your
                  | head. [potion of mutation]
   845 | D:1      | Reached skill level 1 in Shields
   905 | D:1      | Found a faded altar of an unknown god.
   949 | D:1      | You pick up a book of Cantrips and begin reading...
   949 | D:1      | You add the spells Animate Skeleton, Summon Small Mammal
                  | and Apportation to your library.
   968 | D:1      | Learned a level 1 spell: Animate Skeleton
  1085 | D:1      | XOM: noise
  1164 | D:1      | Lost mutation: You are weak. (Str -2) [potion of mutation]
  1164 | D:1      | Lost mutation: You have a pair of small antennae on your
                  | head. [potion of mutation]
  1164 | D:1      | Gained mutation: You are somewhat resistant to further
                  | mutation. [potion of mutation]
  1404 | D:1      | XOM: give mutation
  1404 | D:1      | Gained mutation: Armour fits poorly on your strangely
                  | shaped body. [Xom's mischief]
  1425 | D:2      | Reached XP level 3. HP: 40/40 MP: 3/3
  1470 | D:2      | XOM: summons 4 hostile shadow creatures
  2077 | D:2      | XOM: silly message
  2209 | D:2      | XOM: give mutations
  2209 | D:2      | Gained mutation: Your magical capacity is low. (-10% MP)
                  | [Xom's mischief]
  2209 | D:2      | Gained mutation: You are dopey. (Int -2) [Xom's mischief]
  2335 | D:2      | You add the spells Ignite Poison, Mephitic Cloud and
                  | Freezing Cloud to your library.
  2427 | D:3      | Noticed Robin
  2441 | D:2      | XOM: silly message
  2629 | D:2      | XOM: give mutations
  2629 | D:2      | Gained mutation: You do not regenerate when monsters are
                  | visible. [Xom's mischief]
  2629 | D:2      | Gained mutation: Your magical capacity is very low. (-20%
                  | MP) [Xom's mischief]
  2629 | D:2      | Gained mutation: You are frail. (-10% HP) [Xom's mischief]
  2629 | D:2      | Lost mutation: You are dopey. (Int -2) [Xom's mischief]
  2856 | D:3      | Reached XP level 4. HP: 44/44 MP: 3/3
  3087 | D:3      | XOM: enchant monster (bad)
  3087 | D:3      | HP: 7/44 [something (5)]
  3111 | D:3      | HP: 3/44 [something (4)]
  3113 | D:4      | HP: 1/44 [something (2)]
  3116 | D:4      | Slain by an orc

Vanquished Creatures
  An adder (D:2)
  A dart slug (D:1)
  3 orcs (D:3)
  6 bats
  3 endoplasms
  4 giant cockroaches
  8 goblins
  9 hobgoblins
  A quokka (D:2)
  A ball python (D:1)
  3 frilled lizards
  2 kobolds
  4 rats
46 creatures vanquished.

Vanquished Creatures (others)
  2 plants (D:1)
2 creatures vanquished.

Grand Total: 48 creatures vanquished

Table legend:
 A = Non-vault XP
 B = Vault XP
 C = Vault XP percentage of total XP
 D = Non-vault monster count
 E = Vault monster count
 F = Vault count percentage of total count
                 A         B        C        D         E       F
            +---------+---------+-------+---------+---------+-------
      Total |      87 |      10 |  10.3 |      41 |       5 |  10.9
            +---------+---------+-------+---------+---------+-------
        D:1 |      28 |       0 |   0.0 |      16 |       0 |   0.0
        D:2 |      35 |       6 |  14.6 |      14 |       3 |  17.6
        D:3 |      24 |       4 |  14.3 |      11 |       2 |  15.4
            +---------+---------+-------+---------+---------+-------

Illustrated notes

Table legend:
 A = Kills in this place as a percentage of kills in entire the game.
 B = Kills by you in this place as a percentage of kills by you in the entire game.
 C = Kills by friends in this place as a percentage of kills by friends in the entire game.
 D = Other kills in this place as a percentage of other kills in the entire game.
 E = Experience gained in this place as a percentage of experience gained in the entire game.
 F = Experience gained in this place divided by the number of levels of this place that you have seen.
                   A       B       C       D       E      F
               +-------+-------+-------+-------+-------+----------------------
         Total | 100.0 | 100.0 |   N/A |   N/A | 100.0 |  24.2
       Dungeon | 100.0 | 100.0 |   N/A |   N/A | 100.0 |  24.2
               +-------+-------+-------+-------+-------+----------------------

Table legend: (Time is in decaauts)
 A = Elapsed time spent in this place.
 B = Non-inter-level travel time spent in this place.
 C = Inter-level travel time spent in this place.
 D = Time resting spent in this place.
 E = Time spent auto-exploring this place.
 F = Levels seen in this place.
 G = Mean time per level.
                   A        B        C        D        E       F      G
               +--------+--------+--------+--------+--------+-----+--------+
         Total |   3170 |   2994 |    176 |    899 |   1465 |   4 |  792.5 |
       Dungeon |   3170 |   2994 |    176 |    899 |   1465 |   4 |  792.5 |
               +--------+--------+--------+--------+--------+-----+--------+

Top non-repeatable levels by time:
     D:1: 1354 daAuts
     D:2: 1349 daAuts
     D:3: 462 daAuts
     D:4: 3 daAuts
